 Dungeon Crawl Stone Soup version 0.28-a0-447-g1f95980246 (webtiles) character file.

Game seed: 15343870543615860770

99 spiderkeys the Shield-Bearer (level 4, -3/31 HPs)
             Began as an Octopode Fighter on Sept 13, 2021.
             Killed from afar by Natasha (14 damage)
             ... with a puff of flame
             ... on level 2 of the Dungeon.
             The game lasted 00:02:45 (1774 turns).

spiderkeys the Shield-Bearer (Octopode Fighter)     Turns: 1774, Time: 00:02:46

Health: -3/31      AC:  1    Str: 16    XL:     4   Next: 72%
Magic:  4/4        EV: 13    Int: 10    God:
Gold:   124        SH:  4    Dex: 11    Spells: 3/3 levels left

rFire   . . .      SeeInvis .     - Unarmed
rCold   . . .      Faith    .   a - +0 buckler
rNeg    . . .      Spirit   .   (helmet restricted)
rPois   .          Reflect  .   (no amulet)
rElec   .          Harm     .   (no ring)
rCorr   .          Rampage  .   (no ring)
Will    .....                   (no ring)
Stlth   +++.......              (no ring)
HPRegen 0.10/turn               (no ring)
MPRegen 0.09/turn               (no ring)
                                (no ring)
                                (no ring)

@: slowed, very slow
A: almost no armour, amphibious, 8 rings, camouflage 1, gelatinous body 1,
(nimble swimmer 1), tentacles
a: no special abilities


You were on level 2 of the Dungeon.
You visited 1 branch of the dungeon, and saw 2 of its levels.

You collected 124 gold pieces.


Innate Abilities, Weirdness & Mutations

You cannot wear most types of armour.
You are amphibious.
You can wear up to eight rings at the same time.
Your skin changes colour to match your surroundings (Stealth+).
Your rubbery body absorbs attacks. (AC +1, EV +1)
((You are camouflaged near water. (Stealth+)))
You have tentacles for arms and can constrict up to eight enemies at once.


   Skills:
 + Level 3.5 Fighting
 + Level 3.5 Dodging
 + Level 2.4 Stealth
 + Level 3.5 Shields
 + Level 2.7 Unarmed Combat


You had 3 spell levels left.
You didn't know any spells.
Your spell library was empty.

Inventory:

Missiles
 c - 52 stones (quivered)
Armour
 a - a +0 buckler (worn)
Potions
 b - a potion of might
 e - a potion of curing {unknown}

Dungeon Overview and Level Annotations

Branches:
Dungeon (2/15)

Altars:

Shops:
D:1 (==

Annotations:
D:2 Natasha

#. #. #. #.#####
######.....#
...........####
...............
#@...#### #.......#
#.......#
#.......####
######.......'...
.........#...########
........5'...........
.......h.##.#.######
.........####.#


You could see Natasha and a white imp (summoned).


Message History

No target in view!
No target in view! 3 jackals come into view.
You see here 13 gold pieces.
There are monsters nearby!
There are monsters nearby!
The jackal barks!
The jackal barks!
The jackal barely misses you. The jackal bites you. 😕 HP[-1]
You take 1 damage, and now have 30/31 hp.
You barely miss the jackal. Your grab misses the jackal.
Your squeeze misses the jackal. The jackal barely misses you.
You tentacle-slap the jackal. Your grab misses the jackal.
You squeeze the jackal.
You kill the jackal!
You barely miss the jackal. You grab the jackal. You constrict the jackal.
The jackal closely misses you. The jackal barely misses you.
You tentacle-slap the jackal but do no damage.
You constrict the jackal. The jackal completely misses you.
You tentacle-slap the jackal.
You kill the jackal!
The jackal bites you. 😕 HP[-2]
You take 2 damage, and now have 28/31 hp.
You barely miss the jackal. You grab the jackal.
You constrict the jackal, but do no damage.
The jackal bites you. 😕 HP[-1]
You take 1 damage, and now have 27/31 hp.
You tentacle-slap the jackal. You squeeze the jackal.
You kill the jackal!
No target in view!
No target in view!
You now have 124 gold pieces (gained 13).
A frilled lizard comes into view. 😎 HP[+4]
Your hp is fully restored (31).
A frilled lizard is nearby!
A frilled lizard is nearby!
A frilled lizard is nearby!
The helpless frilled lizard fails to defend itself.
You tentacle-slap the frilled lizard.
You kill the frilled lizard!
No target in view!
No target in view!
Natasha, Servant of Life and Death comes into view.
Natasha hisses angrily.
You tentacle-slap Natasha. Your grab misses Natasha.
Natasha stares at you and mumbles some strange words.
The magic dart hits you! 😕 HP[-7]
You take 7 damage, and now have 24/31 hp.
MASSIVE DAMAGE!! (PAUSE)
You barely miss Natasha. You grab Natasha. You constrict Natasha.
Natasha casts a spell at you. You resist with some effort.
You tentacle-slap Natasha. You constrict Natasha. Natasha claws you! 😮 HP[-8]
You take 8 damage, and now have 16/31 hp.
MASSIVE DAMAGE!! (PAUSE)
You tentacle-slap Natasha but do no damage.
You tentacle-slap Natasha. You squeeze Natasha, but do no damage.
You constrict Natasha. You block Natasha's attack. 😮 HP[+1]
You tentacle-slap Natasha.
You kill Natasha!
Natasha growls in agony!
Something unseen opens the door. 😮 HP[+3]
You regained 3 hp, and now have 20/31 hp.
Natasha, Servant of Life and Death comes into view.
She is carrying a wand of flame (28).
There is an open door here.
You close the door.
Natasha opens the door.
Natasha hisses angrily.
Natasha howls an incantation.
Natasha glows brightly for a moment.
Natasha stares at you and mumbles some strange words.
You feel yourself slow down.
Natasha zaps a wand.
The puff of flame hits you!
* * * LOW HITPOINT WARNING * * *
😨 HP[-9]
You take 9 damage, and now have 11/31 hp.
MASSIVE DAMAGE!! (PAUSE) Blink to where?
Press: ? - help, Dir - move target
As you read the scroll labelled SAMIURADUX, it crumbles to dust.
It was a scroll of blinking.
As you read the scroll labelled YBBUUNUECK, it crumbles to dust.
You feel strangely unstable.
It was a scroll of teleportation.
Your surroundings suddenly seem different.
Natasha mumbles some strange words.
Natasha howls an incantation.
You feel disoriented.
Natasha zaps a wand.
The puff of flame hits you!
You die...

Skill      XL: |  1  2  3 |
---------------+----------+-----
Stealth        | 1 2 |  2.4
Fighting       | |  3.5
Dodging        | |  3.5
Shields        | |  3.5
Unarmed Combat | |  2.7

Action                   |  1- 3 |  4- 6 || total
-------------------------+-------+-------++-------
Melee: Unarmed           |    77 |    17 ||    94
       Constrict         |    20 |     4 ||    24
       Tentacles         |    15 |     4 ||    19
       Punch             |       |     1 ||     1
  Use: Scroll            |       |     2 ||     2
 Stab: Sleeping          |     5 |     2 ||     7
Armor: Skin              |     3 |       ||     3
Dodge: Dodged            |    33 |     6 ||    39
Block: Buckler           |    11 |     1 ||    12

Levels and vault maps discovered:
D:1:      dpeg_arrival_more_subterranean_lakeside_camping, layout_basic,
          chequers_ecumenical_altar_simple_redux, serial_shops, shop, shop,
          shop_coins, grunt_decor_arrowhead, st_stairs_2
D:2:      minmay_angry_zag, layout_basic, uniq_natasha, uniq_jessica

Notes
Turn   | Place    | Note
-------+----------+-------------------------------------------
     0 | D:1      | spiderkeys the Octopode Fighter began the quest for the
                  | Orb.
     0 | D:1      | Reached XP level 1. HP: 16/16 MP: 1/1
     0 | D:1      | magus.rc [v1.9.10]
    59 | D:1      | Found Onkimoid's Jewellery Boutique.
   339 | D:1      | Reached XP level 2. HP: 17/21 MP: 2/2
   493 | D:1      | Found Xebb's Antique Weapon Emporium.
   512 | D:1      | Reached skill level 1 in Stealth
   803 | D:1      | Found a faded altar of an unknown god.
   900 | D:1      | Reached XP level 3. HP: 11/26 MP: 3/3
  1154 | D:1      | Found Magexky's Jewellery Shoppe.
  1585 | D:2      | Noticed Natasha
  1593 | D:2      | Killed Natasha
  1594 | D:2      | Reached skill level 2 in Stealth
  1594 | D:2      | Reached XP level 4. HP: 28/31 MP: 4/4
  1724 | D:2      | Noticed Natasha
  1730 | D:2      | Killed Natasha
  1762 | D:2      | Noticed Natasha
  1774 | D:2      | Killed from afar by Natasha

Vanquished Creatures
  Natasha (twice) (D:2)
  3 dart slugs (D:1)
  4 ball pythons
  4 endoplasms
  2 giant cockroaches (D:1)
  3 goblins (D:1)
  A hobgoblin (D:1)
  9 jackals
  2 kobolds
  A quokka (D:1)
  A bat (D:1)
  3 frilled lizards
  5 rats (D:1)
40 creatures vanquished.

Table legend:
 A = Non-vault XP
 B = Vault XP
 C = Vault XP percentage of total XP
 D = Non-vault monster count
 E = Vault monster count
 F = Vault count percentage of total count
                 A         B        C        D         E       F
            +---------+---------+-------+---------+---------+-------
      Total |     104 |      38 |  26.8 |      37 |       3 |   7.5
            +---------+---------+-------+---------+---------+-------
        D:1 |      55 |       2 |   3.5 |      29 |       2 |   6.5
        D:2 |      49 |      36 |  42.4 |       8 |       1 |  11.1
            +---------+---------+-------+---------+---------+-------

Illustrated notes

Table legend:
 A = Kills in this place as a percentage of kills in entire the game.
 B = Kills by you in this place as a percentage of kills by you in the entire game.
 C = Kills by friends in this place as a percentage of kills by friends in the entire game.
 D = Other kills in this place as a percentage of other kills in the entire game.
 E = Experience gained in this place as a percentage of experience gained in the entire game.
 F = Experience gained in this place divided by the number of levels of this place that you have seen.
                   A       B       C       D       E      F
               +-------+-------+-------+-------+-------+----------------------
         Total | 100.0 | 100.0 |   N/A |   N/A | 100.0 |  71.0
       Dungeon | 100.0 | 100.0 |   N/A |   N/A | 100.0 |  71.0
               +-------+-------+-------+-------+-------+----------------------

Table legend: (Time is in decaauts)
 A = Elapsed time spent in this place.
 B = Non-inter-level travel time spent in this place.
 C = Inter-level travel time spent in this place.
 D = Time resting spent in this place.
 E = Time spent auto-exploring this place.
 F = Levels seen in this place.
 G = Mean time per level.
                   A        B        C        D        E       F      G
               +--------+--------+--------+--------+--------+-----+--------+
         Total |   1774 |   1762 |     12 |     42 |   1471 |   2 |  887.0 |
       Dungeon |   1774 |   1762 |     12 |     42 |   1471 |   2 |  887.0 |
               +--------+--------+--------+--------+--------+-----+--------+

Top non-repeatable levels by time:
     D:1: 1559 daAuts
     D:2: 215 daAuts
